 Dungeon Crawl Stone Soup version 0.29.1-1-gd02db6906a (webtiles) character file.

Game seed: 8093774706064450667

145 raistware the Conjurer (level 5, -4/31 HPs)
             Began as an Octopode Conjurer on Oct 19, 2022.
             Slain by a sky beast (6 damage)
             ... on level 6 of the Dungeon.
             The game lasted 00:04:17 (2592 turns).

raistware the Conjurer (Octopode Conjurer)          Turns: 2592, Time: 00:04:18

Health: -4/31      AC:  1    Str:  7    XL:     5   Next: 27%
Magic:  12/20      EV: 13    Int: 22    God:
Gold:   120        SH:  0    Dex: 10    Spells: 7/12 levels left

rFire   . . .      SeeInvis .   (no weapon)
rCold   . . .      Faith    .   (no shield)
rNeg    . . .      Spirit   .   (helmet restricted)
rPois   .          Reflect  .   i - amulet of the acrobat
rElec   .          Harm     .   l - ring of resist corrosion
rCorr   +          Rampage  .   n - ring of magical power
Will    .....                   (no ring)
Stlth   +++.......              (no ring)
HPRegen 0.10/turn               (no ring)
MPRegen 0.17/turn               (no ring)
                                (no ring)
                                (no ring)

@: very slightly contaminated
A: almost no armour, amphibious, 8 rings, camouflage 1, gelatinous body 1,
(nimble swimmer 1), tentacles
a: no special abilities


You were on level 6 of the Dungeon.
You visited 1 branch of the dungeon, and saw 4 of its levels.

You collected 120 gold pieces.

Inventory:

Jewellery
 i - an amulet of the acrobat (around mantle)
 l - a ring of resist corrosion (left tentacle)
 n - a ring of magical power (right tentacle)
Wands
 g - a wand of light (8)
Scrolls
 c - a scroll of identify {unknown}
 d - 3 scrolls of magic mapping {unknown}
 e - a scroll of amnesia {unknown}
 m - a scroll of butterflies {unknown}
Potions
 a - 3 potions of magic
 b - a potion of haste
 f - a potion of brilliance {unknown}
 h - a potion of curing {unknown}
 j - a potion of attraction {unknown}
 k - a potion of heal wounds


   Skills:
 - Level 2.0 Dodging
 * Level 2.6 Stealth
 - Level 4.0 Spellcasting
 + Level 4.6 Conjurations
 + Level 1.7 Translocations


You had 7 spell levels left.
You knew the following spells:

 Your Spells              Type           Power      Damage    Failure   Level
a - Magic Dart            Conj           96%        1d7       1%          1
b - Iskenderun's Mystic   Conj/Tloc      18%        2d6       30%         4

Your spell library contained the following spells:

 Spells                   Type           Power      Damage    Failure   Level
 Searing Ray              Conj           48%        2d6       2%          2
 Dazzling Flash           Conj/Hex       28%        N/A       13%         3
 Fulminant Prism          Conj/Hex       7%         3d7       41%         4
 Blade Hands              Tmut           2%         N/A       97%         5
 Iron Shot                Conj/Erth      7%         9d2       100%        6
 Animate Armour           Summ/Erth      Unusable   N/A       N/A         4

Dungeon Overview and Level Annotations

Branches:
Dungeon (6/15)
 Temple: D:4-7

Altars:
Wu Jian

Annotations:
D:6 1 runed translucent door, heinrich's ghost, novice GrFi


Innate Abilities, Weirdness & Mutations

You cannot wear most types of armour.
You are amphibious.
You can wear up to eight rings at the same time.
Your skin changes colour to match your surroundings (Stealth+).
Your rubbery body absorbs attacks. (AC +1, EV +1)
((You are camouflaged when in or above water. (Stealth+)))
You have tentacles for arms and can constrict up to eight enemies at once.


Message History

* * * LOW HITPOINT WARNING * * *
You feel sick.
It was a potion of heal wounds.
You feel much better.
You feel sick.
You start resting.
You feel sick. x7
You are no longer poisoned.
Your extra speed is starting to run out.
You feel yourself slow down.
HP restored.
Magic restored.
You see here a scorpion corpse.
A sourceless malevolence fills the Dungeon...
You fall into a shaft and drop 3 floors!
The shaft crumbles and collapses.
Found 18 gold pieces.
Found an escape hatch in the ceiling.
A sky beast comes into view.
Found 7 stones.
Found a scroll labelled PEUT EFAERU and 2 potions of heal wounds.
Heinrich's ghost turns its malevolent gaze towards you.
Found a runed translucent door.
The sky beast flickers out of sight!
Deactivating autopickup; reactivate with Ctrl-A.
A sky beast appears from thin air!
Reactivating autopickup.
The sky beast hits you. The sky beast shocks you.
There is an escape hatch in the ceiling, spattered with blood here.
Casting: Iskenderun's Mystic Blast (extremely dangerous; 30% risk of failure)
Confirm with . or Enter, or press ? or * to list all spells.
The spell is extremely dangerous to miscast (30% risk of failure)!
Continue anyway?
You miscast Iskenderun's Mystic Blast.
You are very lightly contaminated with residual magic.
Nothing appears to happen.
The sky beast hits you. The sky beast shocks you.
Casting: Iskenderun's Mystic Blast (extremely dangerous; 30% risk of failure)
Confirm with . or Enter, or press ? or * to list all spells.
The spell is extremely dangerous to miscast (30% risk of failure)!
Continue anyway?
You miscast Iskenderun's Mystic Blast.
Energy rips through your body!
* * * LOW HITPOINT WARNING * * *
The sky beast hits you.
* * * LOW HITPOINT WARNING * * *
The sky beast shocks you.
You die...

#. #.
#.#######
#.......#
#.......#
#.....(.#
#....Y..#
#...@...#
#.......#
#.......####
......$......#
############.#
#.### #...##
###..# ##.##


You could see a sky beast.

Vanquished Creatures
  A scorpion (D:3)
  3 adders (D:2)
  A worm (D:2)
  A dart slug (D:2)
  6 ball pythons
  5 endoplasms
  A giant cockroach (D:1)
  2 goblins
  9 hobgoblins
  6 jackals
  4 bats
  2 frilled lizards
  5 kobolds
  5 rats
51 creatures vanquished.

Notes
Turn   | Place    | Note
-------+----------+-------------------------------------------
     0 | D:1      | raistware the Octopode Conjurer began the quest for the
                  | Orb.
     0 | D:1      | Reached XP level 1. HP: 11/11 MP: 3/3
    19 | D:1      | Noticed a killer bee
    19 | D:1      | Noticed a komodo dragon
    19 | D:1      | Noticed a hog
    20 | D:1      | Noticed an anaconda
    20 | D:1      | Noticed a lindwurm
   149 | D:1      | Reached XP level 2. HP: 17/17 MP: 0/5
   668 | D:1      | Reached XP level 3. HP: 21/21 MP: 3/7
  1481 | D:2      | Found an ornate altar of the Wu Jian Council.
  1511 | D:2      | Reached XP level 4. HP: 27/27 MP: 6/9
  1645 | D:2      | Learned a level 4 spell: Iskenderun's Mystic Blast
  1959 | D:2      | Found a faded altar of an unknown god.
  2419 | D:3      | Noticed a scorpion
  2429 | D:3      | Killed a scorpion
  2430 | D:3      | Reached skill level 1 in Translocations
  2430 | D:3      | Reached XP level 5. HP: 9/31 MP: 5/11
  2535 | D:3      | You fall into a shaft and drop 3 floors!
  2536 | D:6      | Noticed a sky beast
  2545 | D:6      | Noticed heinrich's ghost (novice GrFi)
  2554 | D:6      | Found a runed translucent door.
  2592 | D:6      | Slain by a sky beast

Illustrated notes

Levels and vault maps discovered:
D:1:      onia_arrival_zoo_common, layout_basic, serial_curves, eino_curves_01,
          eino_curves_03, eino_curves_02
D:2:      layout_loops_ring, basic_altar, ebering_ecumenical_altar_abandoned,
          minmay_misc_feat_secret_circle, nrook_mini_vaults
D:3:      layout_basic, nzn_hepliaklqana_mist_gate, okawaru_altar_gauntlet_db
D:6:      layout_basic, nicolae_overflow_crystal_walls,
          hellmonk_ghost_happy_afterlife

Skill      XL: |  1  2  3  4 |
---------------+-------------+-----
Spellcasting   | 3 4 |  4.0
Translocations | 1 |  1.7
Dodging        | |  2.0
Stealth        | |  2.6
Conjurations   | |  4.6

Action                   |  1- 3 |  4- 6 || total
-------------------------+-------+-------++-------
Melee: Unarmed           |     5 |       ||     5
       Constrict         |     3 |       ||     3
       Tentacles         |     1 |       ||     1
 Cast: Magic Dart        |    74 |    39 ||   113
       Iskenderun's Myst |       |     2 ||     2
Evoke: Wand              |       |     1 ||     1
  Use: Potion            |       |     2 ||     2
Armor: Skin              |     2 |       ||     2
Dodge: Dodged            |     7 |     2 ||     9
